 Dungeon Crawl Stone Soup version 0.29.1 (webtiles) character file.

Game seed: 4677554373020431849

64 qw the Chopper (level 3, 0/31 HPs)
             Began as a Minotaur Berserker on Sept 13, 2022.
             Was a Follower of Trog.
             Slain by Sigmund
             ... wielding a +0 scythe
              (5 damage)
             ... on level 2 of the Dungeon.
             The game lasted 00:00:37 (2382 turns).

qw the Chopper (Minotaur Berserker)                 Turns: 2382, Time: 00:00:38

Health: 0/31       AC: 11    Str: 23    XL:     3   Next: 91%
Magic:  2/2        EV:  7    Int:  4    God:    Trog [*.....]
Gold:   63         SH:  0    Dex:  9    Spells: 2/2 levels left

rFire   . . .      SeeInvis .   Y - +0 hand axe
rCold   . . .      Faith    .   (no shield)
rNeg    . . .      Spirit   .   f - +0 plate armour
rPois   .          Reflect  .   (helmet restricted)
rElec   .          Harm     .   (no cloak)
rCorr   .          Rampage  .   (no gloves)
Will    .....                   (no boots)
Stlth   ..........              (no amulet)
HPRegen 0.10/turn               (no ring)
MPRegen 0.08/turn               (no ring)

@: confused, on berserk cooldown
A: horns 2, retaliatory headbutt
a: Renounce Religion, Berserk


You were on level 2 of the Dungeon.
You worshipped Trog.
Trog was aware of your devotion.
You visited 1 branch of the dungeon, and saw 2 of its levels.

You collected 63 gold pieces.


Innate Abilities, Weirdness & Mutations

You have a pair of horns on your head.
You reflexively headbutt those who attack you in melee.


   Skills:
 - Level 3.6 Fighting
 + Level 5.9 Axes
 - Level 2.4 Armour
 - Level 2.1 Dodging


You had 2 spell levels left.
You didn't know any spells.
Your spell library was empty.

Inventory:

Hand Weapons
 c - a +0 whip
 Y - a +0 hand axe (weapon)
Armour
 f - a +0 plate armour (worn)
Scrolls
 a - a scroll of magic mapping {unknown}
 e - a scroll of identify
Potions
 b - a potion of resistance {unknown}
 d - a potion of heal wounds {unknown}
 j - a potion of magic {unknown}

Dungeon Overview and Level Annotations

Branches:
Dungeon (2/15)

Altars:
Yredelemnul

Annotations:
D:2 Sigmund


Message History

You swing at nothing.
You hear some strange, mumbled words.
Something tries to affect you, but you resist.
A worm comes into view.
2362 ||| FLEEEEING.
Something hits you!
You hear some strange, mumbled words.
Something tries to affect you, but you resist.
Something hits you.
You swing at nothing.
Something hits you.
You swing at nothing.
Something hits you but does no damage.
You swing at nothing.
Something hits you but does no damage.
You swing at nothing.
Something hits you.
You swing at nothing.
Something hits you but does no damage.
You swing at nothing.
Something hits you but does no damage.
You swing at nothing.
Sigmund appears from thin air!
Reactivating autopickup.
Sigmund hits you but does no damage.
Sigmund gestures wildly while chanting.
Sigmund flickers and vanishes!
Deactivating autopickup; reactivate with Ctrl-A.
Something hits you!
You miss something.
You hear some strange, mumbled words.
You are confused.
You're too confused to attack without stumbling around!
There is a strange disturbance nearby!
Something hits you but does no damage.
You're too confused to attack without stumbling around!
There is a strange disturbance nearby!
You feel yourself speed up. Something hits you.
You die...

# #..# #..
#. +..# ###
#.# ##.##
..## ###..#
... #...##
..#.# ##.###
..#..###..#
#.##..{..##
#.###@####
#.# #.# #.#
#.# #.###.#
#.###.....##
######
#..........#
#.....
########.>.#
#.#### #...#
#.# # #...#
#.####


There were no monsters in sight!

Vanquished Creatures
  2 adders (D:2)
  2 worms (D:2)
  A dart slug (D:1)
  5 endoplasms
  A giant cockroach (D:1)
  6 goblins
  3 hobgoblins
  3 jackals (D:1)
  2 kobolds (D:1)
  5 ball pythons
  3 bats (D:1)
  A frilled lizard (D:2)
  A rat (D:2)
35 creatures vanquished.

Notes
Turn   | Place    | Note
-------+----------+-------------------------------------------
     0 | D:1      | qw the Minotaur Berserker began the quest for the Orb.
     0 | D:1      | Reached XP level 1. HP: 19/19 MP: 0/0
     0 | D:1      | 0 ||| qw: Version: 0.1-a-119-g272c26d
     0 | D:1      | 0 ||| qw: Game counter: 11277
     0 | D:1      | 0 ||| qw: Always use a shield: true
     0 | D:1      | 0 ||| qw: Do Orc after D:15 true
     0 | D:1      | 0 ||| qw: Do second Lair branch before Depths: true
     0 | D:1      | 0 ||| qw: Lair rune preference: random
     0 | D:1      | 0 ||| qw: Plans: Normal
     0 | D:1      | 0 ||| PLANNING D:1-11
    68 | D:1      | Found a faded altar of an unknown god.
   383 | D:1      | Reached skill level 4 in Axes
   492 | D:1      | Reached XP level 2. HP: 25/26 MP: 1/1
   696 | D:1      | 696 ||| Stepping ~*~*~tactically~*~*~ (hiding).
   798 | D:1      | 798 ||| Stepping ~*~*~tactically~*~*~ (hiding).
   801 | D:1      | 801 ||| Stepping ~*~*~tactically~*~*~ (hiding).
   990 | D:1      | 990 ||| Stepping ~*~*~tactically~*~*~ (stealth).
  1122 | D:1      | 1122 ||| Stepping ~*~*~tactically~*~*~ (stealth).
  1125 | D:1      | 1125 ||| Stepping ~*~*~tactically~*~*~ (stealth).
  1126 | D:1      | 1126 ||| Stepping ~*~*~tactically~*~*~ (stealth).
  1190 | D:1      | Reached skill level 5 in Axes
  1427 | D:1      | 1427 ||| UPGRADING to +0 leather armour.
  1437 | D:1      | 1437 ||| DROPPING +0 animal skin.
  1438 | D:1      | 1438 ||| UPGRADING to +0 plate armour.
  1448 | D:1      | 1448 ||| DROPPING +0 leather armour.
  1449 | D:1      | 1449 ||| READING scroll labelled NEOTEN ZUKAMP.
  1550 | D:1      | 1550 ||| READING scroll labelled HUT SOEHIBIEPH.
  1551 | D:1      | 1551 ||| DRINKING 2 inky potions.
  1552 | D:1      | 1552 ||| DROPPING potion of flight.
  1630 | D:2      | Found a basalt altar of Yredelemnul.
  1666 | D:2      | Reached XP level 3. HP: 31/31 MP: 2/2
  1718 | D:2      | 1718 ||| Stepping ~*~*~tactically~*~*~ (stealth).
  1759 | D:2      | 1759 ||| INVOKING Berserk.
  1959 | D:2      | 1959 ||| INVOKING Berserk.
  2353 | D:2      | Noticed Sigmund
  2354 | D:2      | 2354 ||| INVOKING Berserk.
  2362 | D:2      | 2362 ||| FLEEEEING.
  2379 | D:2      | HP: 4/31 [something (7)]
  2382 | D:2      | Slain by Sigmund

Levels and vault maps discovered:
D:1:      dpeg_arrival_simpleton_a, layout_basic,
          hellmonk_ecumenical_altar_zigzags, minmay_misc_feat_four_crosses,
          minmay_hedge_maze, chequers_serial_rivers_micro_e,
          minmay_misc_feat_alley, roderic_serpentine_path
D:2:      cheibrodos_greedy_goblins, layout_loops_ring, basic_altar,
          nicolae_titane, uniq_sigmund

Skill      XL: |  1  2 |
---------------+-------+-----
Axes           | 4 5 |  5.9
Fighting       | |  3.6
Armour         | |  2.4
Dodging        | |  2.1

Action                   || total
-------------------------++-------
Melee: Hand axe          ||    78
       Headbutt          ||    11
Invok: Berserk           ||     3
  Use: Scroll            ||     2
       Potion            ||     1
Armor: Animal skin       ||     3
       Plate armour      ||    26
Dodge: Dodged            ||    30

Table legend:
 A = Non-vault XP
 B = Vault XP
 C = Vault XP percentage of total XP
 D = Non-vault monster count
 E = Vault monster count
 F = Vault count percentage of total count
                 A         B        C        D         E       F
            +---------+---------+-------+---------+---------+-------
      Total |      92 |       0 |   0.0 |      35 |       0 |   0.0
            +---------+---------+-------+---------+---------+-------
        D:1 |      36 |       0 |   0.0 |      20 |       0 |   0.0
        D:2 |      56 |       0 |   0.0 |      15 |       0 |   0.0
            +---------+---------+-------+---------+---------+-------
